 Dungeon Crawl Stone Soup version 0.30-a0-476-g330ca2eb8e (webtiles) character file.

Game seed: 1758275598616798452

181158 Zonian the Thaumaturge (level 18, -5/141 HPs)
             Began as a Djinni Ice Elementalist on Dec 21, 2022.
             Was a Priest of Ashenzari.
             Slain by a spark wasp (21 damage)
             ... on level 4 of the Spider Nest.
             The game lasted 02:21:13 (53900 turns).

Zonian the Thaumaturge (Djinni Ice Elementalist)   Turns: 53900, Time: 02:21:19

Health: -5/141     AC: 20    Str:  9    XL:     18   Next: 98%
Gold:   190        EV: 14    Int: 25    God:    Ashenzari [***...] SH: 18 Dex: 15

rFire   + + .      SeeInvis +    l - +7 Screaming Sword {vorpal, sonic wave}
rCold   + . .      Faith    .    S - +2 kite shield of Ashenzari's Planets {AC+3, Self, Cun} (curse)
rNeg    . . .      Spirit   .    u - +2 ring mail "Manifest Suspicion" {rC+, Self, Melee} (curse)
rPois   ∞          Reflect  +    Q - +2 hat "Sital" {+Blink}
rElec   .          Harm     .    U - scarf {+Inv}
rCorr   .          Rampage  .    n - +1 pair of gloves "Secrets of Ashenzari" {Range, Melee} (curse)
Will    +....      Clarity  +    (boots unavailable)
Stlth   +++++.....               M - amulet "Esoteric Irritation" {Reflect rPois Regen+ Int+3 SH+5, Evo, Melee} (curse)
HPRegen 1.23/turn                h - ring "Bound Visionary" {AC+4, Cun, Melee} (curse)
MPRegen 0.00/turn                A - ring of protection from cold

@: flying, slowed, studying Stealth, very slow
A: sickness immunity, fire resistance 2, cold vulnerability 1, float, innate
caster, HP casting, extra vitality 1, berserk 1
a: Renounce Religion, Evoke Blink, Evoke Invisibility, Shatter the Chains


You were on level 4 of the Spider Nest.
You worshipped Ashenzari.
Ashenzari was most pleased with you.
You visited 5 branches of the dungeon, and saw 27 of its levels.
You also visited: Bailey and Volcano.

You collected 3120 gold pieces.
You spent 2930 gold pieces at shops.

Inventory:

Hand Weapons
 b - a +2 dagger of flaming
 l - the +7 Screaming Sword (weapon) {vorpal, sonic wave}
   (You bought it in a shop on level 5 of the Dungeon)

   It inflicts extra damage upon your enemies.
   It radiates damaging sonic waves as it strikes, especially in combat
   involving dangerous or numerous foes.
 F - a +3 scimitar of freezing
Missiles
 c - 3 curare-tipped darts
 o - 7 javelins
 w - 2 silver javelins
 I - 30 boomerangs
 O - 58 poisoned darts
Armour
 g - the +7 Kryia's mail coat {PotionHeal*2 rC+}
   (You found it on level 4 of the Dungeon)

   Potions are twice as effective at healing its wearer.
   rC:        It protects you from cold.
 n - the cursed +1 pair of gloves "Secrets of Ashenzari" (worn) {Range, Melee}
   (You found it on level 2 of the Dungeon)

   It has a curse which improves the following skills: Ranged Combat: Ranged
   Weapons and Throwing.
   Melee Combat: Short Blades, Long Blades, Axes, Maces & Flails, Polearms,
   Staves and Unarmed Combat.
 u - the cursed +2 ring mail "Manifest Suspicion" (worn) {rC+, Self, Melee}
   (You found it on level 5 of the Dungeon)

   It has a curse which improves the following skills: Introspection: Fighting
   and Spellcasting.
   Melee Combat: Short Blades, Long Blades, Axes, Maces & Flails, Polearms,
   Staves and Unarmed Combat.
 C - a +2 hat
 Q - the +2 hat "Sital" (worn) {+Blink}
   (You found it on level 3 of the Spider Nest)

   +Blink:    It lets you blink.
 S - the cursed +2 kite shield of Ashenzari's Planets (worn) {AC+3, Self, Cun}
   (You took it off a tengu warrior on level 10 of the Dungeon)

   It has a curse which improves the following skills: Introspection: Fighting
   and Spellcasting.
   Cunning:   Dodging and Stealth.
 U - a scarf of invisibility (worn)
Jewellery
 h - the cursed ring "Bound Visionary" (left hand) {AC+4, Cun, Melee}
   (You found it on level 1 of the Dungeon)

   [ring of protection]

   AC:        It affects your AC (+4).
   It has a curse which improves the following skills: Cunning: Dodging and
   Stealth.
   Melee Combat: Short Blades, Long Blades, Axes, Maces & Flails, Polearms,
   Staves and Unarmed Combat.
 r - the ring "Xyebemic" {Will+ rCorr}
   (You found it on level 4 of the Dungeon)

   [ring of willpower]

   rCorr:     It protects you from acid and corrosion.
   Will:      It increases your willpower.
 A - a ring of protection from cold (right hand)
 L - a ring of resist corrosion
 M - the cursed amulet "Esoteric Irritation" (around neck) {Reflect rPois Regen+ Int+3 SH+5, Evo, Melee}
   (You bought it in a shop on level 2 of the Orcish Mines)

   [amulet of reflection]

   It reflects blocked missile attacks.
   Int:       It affects your intelligence (+3).
   rPois:     It protects you from poison.
   Regen:     It increases your rate of health regeneration.
   SH:        It affects your SH (+5).
   It has a curse which improves the following skills: Evocations: Evocations.
   Melee Combat: Short Blades, Long Blades, Axes, Maces & Flails, Polearms,
   Staves and Unarmed Combat.
 W - a ring of wizardry
 Y - a ring of protection from cold
 Z - a +6 ring of intelligence
Wands
 f - a wand of charming (8)
 j - a wand of roots (18)
 v - a wand of flame (57)
 x - a wand of mindburst (9)
 y - a wand of light (5)
 H - a wand of polymorph (14)
Scrolls
 a - 2 scrolls of enchant weapon
 q - 3 scrolls of fear
 t - 3 scrolls of enchant armour
 B - 4 scrolls of blinking
 D - 3 scrolls of silence
 J - 2 scrolls of magic mapping
 K - 5 scrolls of fog
 N - 4 scrolls of teleportation
 P - 3 scrolls of poison
 V - 3 scrolls of summoning
Potions
 d - 2 potions of cancellation
 e - 7 potions of heal wounds
 i - 8 potions of curing
 k - 3 potions of flight
 m - 4 potions of haste
 p - 5 potions of ambrosia
 s - 4 potions of invisibility
 z - 9 potions of brilliance
 R - 3 potions of lignification
 T - a potion of resistance
Miscellaneous
 G - a condenser vane (inert)


   Skills:
 - Level 14.3(16.6) Fighting
 - Level 6.7(12.6) Short Blades
 - Level 10.9(15.4) Long Blades
 - Level 10.4 Armour
 - Level 10.1(12.5) Dodging
 - Level 11.0(13.4) Stealth
 - Level 8.0 Shields
 - Level 14.6(16.9) Spellcasting
 + Level 7.7(9.3) Evocations


You had 6 spell levels left.
You knew the following spells:

 Your Spells              Type           Power      Damage    Failure   Level
a - Freeze                Ice            100%       1d10      0%          1
b - Frozen Ramparts       Ice            100%       1d16      1%          3
c - Ozocubu's Armour      Ice            82%        N/A       1%          3
d - Summon Ice Beast      Ice/Summ       82%        N/A       1%          4
e - Kiss of Death         Conj/Necr      100%       2d13      0%          1
f - Ensorcelled Hibernat  Hex/Ice        100%       N/A       1%          2
g - Kindle Blastsparks    Fire/Tloc/Air  100%       2d18      1%          3
h - Flame Wave            Conj/Fire      82%        2d18      1%          4
i - Arcjolt               Conj/Air       41%        1d51      1%          5
j - Lee's Rapid Deconstr  Erth           41%        3d20*     1%          5
k - Dispersal             Tloc           41%        N/A       1%          6
l - Enfeeble              Hex            41%        N/A       11%         7
Your spell library was empty.

Dungeon Overview and Level Annotations

Branches:
Dungeon (15/15)            Temple (1/1) D:4            Lair (5/5) D:10
  Swamp (0/4) Lair:3       Spider (4/4) Lair:2        Slime (0/5) Lair:5
    Orc (2/2) D:11            Elf (0/3) Orc:2        Vaults (0/5) D:14
 Depths (0/4) D:15         Bailey (visited)         Volcano (visited)

Altars:
Ashenzari
Cheibriados
Dithmenos
Elyvilon
Hepliaklqana
Makhleb
Nemelex Xobeh
Ru
Trog
Uskayaw
Xom
Zin

Shops:
D:5 (=!(*   Orc:2 =!((

Annotations:
D:2 Sigmund
D:3 1 runed translucent door, Crazy Yiuf


Innate Abilities, Weirdness & Mutations

You are immune to sickness and miasma.
You are immune to poison.
Your flesh is very heat resistant. (rF++)
You are vulnerable to cold. (rC-)
You float through the air rather than walking.
You learn spells naturally, not from books.
Your magical power is your life essence.
You have superior vitality. (+4 MHP)
You sometimes lose your temper in combat.


Message History

Unknown command.
Done exploring.
Done exploring.
Unknown command.
There is a stone staircase leading down here.
You fly downwards.
You block the redback's attack. The redback misses you.
The wolf spider barely misses you. The wolf spider bites you.
The jumping spider leaps!
The entropy weaver hits you! The entropy weaver hits you.
The entropy weaver closely misses you. You block the entropy weaver's attack.
The redback bites you but does no damage.
The redback bites you!
The spark wasp stings you but does no damage.
The torpor snail bites you!
Being near the torpor snail leaves you feeling lethargic.
The wolf spider closely misses you. You block the wolf spider's attack.
The entropy weaver hits you but does no damage.
You block the entropy weaver's attack. The entropy weaver barely misses you.
You block the entropy weaver's attack.
There is a stone staircase leading up here.
You block the redback's attack.
The jumping spider leaps!
You block the redback's attack. The wolf spider hits you!
You block the wolf spider's attack. The spark wasp stings you.
The spark wasp shocks you! The entropy weaver hits you.
The entropy weaver barely misses you. x2
The entropy weaver hits you but does no damage.
The redback bites you but does no damage.
The wolf spider hits you. The wolf spider bites you. The spark wasp stings you.
The spark wasp shocks you! The torpor snail bites you.
The entropy weaver hits you.
* * * LOW HITPOINT WARNING * * *
You block the entropy weaver's attack. The entropy weaver hits you.
* * * LOW HITPOINT WARNING * * *
You block the entropy weaver's attack.
The jumping spider leaps!
The wolf spider hits you.
* * * LOW HITPOINT WARNING * * *
The wolf spider bites you!
* * * LOW HITPOINT WARNING * * *
The spark wasp stings you!!
You die...

, , !.##......
### *
...#.....###...
,
,#.○...^...#...
, ............#
.....s......#*
*, , .
.....○....# , ,*
...s#..sB...# ,
, ....s.y@s..# ,
*
,s.....wss....#
, .......s.....#
*
...............
...............
.....^.........
..............^
*
...(....s......,
, , * , * , , ,


You could see an entropy weaver, a spark wasp, a torpor snail, 2 wolf spiders, 3
orb spiders, 2 jumping spiders, a tarantella and 2 redbacks.

Vanquished Creatures
  Arachne (Spider:2)
  Rupert (D:13)
  Frances (D:13)
  The ghost of Baxzics the Sorcerer, an adept DECj of Vehumet (Spider:3)
  Roxanne (D:15)
  Louise (Spider:2)
  5 emperor scorpions
  2 ghost moths (Spider:2)
  An orc warlord (Bailey)
  A broodmother (Spider:3)
  3 reapers (D:13)
  A deep elf death mage (D:13)
  4 spark wasps (Spider:1)
  Josephine (Orc:2)
  A fire dragon (Volcano)
  4 entropy weavers
  A rakshasa (D:15)
  8 hydras
  4 vault guards (D:14)
  2 jorogumos (Spider:3)
  A death knight (D:14)
  2 ogre magi (D:14)
  An anaconda (shapeshifter) (D:15)
  5 two-headed ogres
  4 boulder beetles
  2 catoblepae
  11 centaur warriors
  4 radroaches
  7 death yaks
  A hell hog (Volcano)
  4 tengu warriors
  An orc high priest (Orc:2)
  A shadow wraith (D:13)
  3 soul eaters (D:13)
  8 pharaoh ants
  A sun moth (Spider:3)
  2 flayed ghosts (D:13)
  12 steelbarb worms
  2 orb spiders (Spider:3)
  A spectral wolf spider (D:13)
  Pikel (D:5)
  5 necromancers (D:13)
  14 orc knights
  A lindwurm (Orc:2)
  7 cyclopes
  3 deep elf pyromancers
  A deep elf zephyrmancer (D:14)
  11 ugly things
  16 wolf spiders
  4 orc sorcerers
  A manticore (shapeshifter) (D:10)
  2 moths of wrath (Spider:3)
  11 elephants
  4 manticores
  A centaur zombie (D:13)
  7 spectral centaurs (D:13)
  13 cane toads
  4 gargoyles
  6 black mambas
  2 molten gargoyles (Volcano)
  3 rime drakes
  5 centaur skeletons (D:13)
  An unseen horror (D:12)
  4 demonic crawlers
  A yaktaur (D:15)
  A tormentor (D:13)
  A kobold demonologist (D:12)
  A freezing wraith (D:13)
  5 komodo dragons
  A meliai (shapeshifter) (D:13)
  A harpy zombie (D:13)
  A tyrant leech (Lair:3)
  6 polar bears
  7 trolls
  23 tarantellas
  6 hornets
  3 slime creatures (D:15)
  7 saltlings (Orc:2)
  28 blink frogs
  2 spectral meliai (D:13)
  28 jumping spiders
  12 culicivoras
  4 centaur simulacra
  13 spriggans (Lair:5)
  A shadow (D:10)
  A vampire (D:12)
  46 yaks
  A fire bat (Volcano)
  5 wraiths (Orc:2)
  9 wyverns
  A human (D:14)
  5 basilisks
  A golden eye (shapeshifter) (D:14)
  A redback simulacrum (D:14)
  12 vampire mosquitoes
  3 swamp worms (Lair:3)
  37 redbacks
  2 steam dragons
  3 wargs (Orc:2)
  3 acid dragons
  11 water moccasins
  3 hell hounds (Volcano)
  21 orc warriors
  4 ice beasts
  A black bear (shapeshifter) (D:15)
  2 sky beasts (D:7)
  36 wolves
  A wolf (shapeshifter) (D:14)
  A hornet zombie (D:13)
  5 boggarts (Lair:5)
  4 black bears
  7 ogres
  14 centaurs
  2 lemures (D:5)
  2 phantoms
  8 kobold brigands
  8 bullfrogs
  A hornet simulacrum (D:15)
  5 wights
  17 killer bees (D:7)
  7 electric eels
  9 howler monkeys
  2 lava snakes (Volcano)
  A jelly (D:5)
  A hound (D:6)
  A gnoll bouda (D:6)
  11 orc priests
  Jessica (D:2)
  4 iguanas
  Ijyb (D:5)
  15 orc wizards
  A boggart skeleton (D:13)
  A boggart simulacrum (D:13)
  14 gnolls
  9 adders
  4 shadow imps
  14 white imps
  2 worms
  3 dart slugs
  64 orcs
  9 ball pythons
  7 endoplasms
  4 giant cockroaches
  12 goblins
  9 hobgoblins
  9 jackals
  6 quokkas
  9 bats
  A frilled lizard (D:1)
  54 kobolds
  8 kobold skeletons (D:9)
  8 kobold zombies (D:9)
  8 rats
  3 pillars of salt (Orc:2)
991 creatures vanquished.

Vanquished Creatures (collateral kills)
  A gargoyle (D:9)
  A basilisk (Lair:1)
  A water moccasin (Lair:1)
  An acid dragon (D:10)
  A wolf (Lair:1)
  A kobold brigand (D:9)
  2 wights (D:8)
  4 kobolds (D:9)
  2 kobold zombies (D:9)
14 creatures vanquished.

Vanquished Creatures (others)
  A necromancer (D:13)
  A goblin (D:4)
  23 fungi
  6 pillars of salt (Orc:2)
  38 plants
69 creatures vanquished.

Grand Total: 1074 creatures vanquished

Notes
Turn   | Place    | Note
-------+----------+-------------------------------------------
     0 | D:1      | Zonian the Djinni Ice Elementalist began the quest for the
                  | Orb.
     0 | D:1      | Zonian set off with the following spells memorised: Freeze,
                  | Frozen Ramparts, Ozocubu's Armour, Summon Ice Beast.
     0 | D:1      | Reached XP level 1. HP: 15/15 MP: 0/0
   144 | D:1      | Reached XP level 2. HP: 19/21 MP: 0/0
   332 | D:1      | Reached XP level 3. HP: 19/25 MP: 0/0
   332 | D:1      | Learned a level 1 spell: Kiss of Death
   733 | D:2      | Noticed Sigmund
  1031 | D:2      | Reached XP level 4. HP: 30/31 MP: 0/0
  1163 | D:2      | Noticed Jessica
  1174 | D:2      | Killed Jessica
  1759 | D:3      | Reached XP level 5. HP: 31/35 MP: 0/0
  1759 | D:3      | Learned a level 2 spell: Ensorcelled Hibernation
  2095 | D:3      | Found a glowing silver altar of Zin.
  2569 | D:3      | Found a runed translucent door.
  2570 | D:3      | Noticed Crazy Yiuf
  3255 | D:4      | Found a staircase to the Ecumenical Temple.
  3264 | Temple   | Entered the Ecumenical Temple
  3278 | Temple   | Became a worshipper of Ashenzari the Shackled
  3359 | D:4      | Found the +7 Kryia's mail coat {PotionHeal*2 rC+}
  3420 | D:4      | Identified the ring "Xyebemic" {Will+ rCorr}
  3544 | D:4      | Noticed a phantom
  3563 | D:4      | Found a shimmering altar of Xom.
  3564 | D:4      | Noticed an orc warrior
  3576 | D:5      | Entered Level 5 of the Dungeon
  3576 | D:5      | Found Tuomnal's Distillery.
  3601 | D:5      | Killed a phantom
  3602 | D:5      | Reached skill level 5 in Spellcasting
  3602 | D:5      | Reached XP level 6. HP: 21/40 MP: 0/0
  3881 | D:5      | Bought a potion of might for 56 gold pieces
  3881 | D:5      | Bought a potion of haste for 140 gold pieces
  3891 | D:5      | Found Tullum's Assorted Antiques.
  3995 | D:5      | Noticed Pikel
  4261 | D:5      | Noticed an ogre
  4263 | D:5      | Found Bylailoy's Jewellery Shop.
  4324 | D:5      | Noticed a vampire mosquito
  4325 | D:5      | Killed an ogre
  4329 | D:5      | Noticed Ijyb
  4333 | D:5      | Killed a vampire mosquito
  4334 | D:5      | Reached XP level 7. HP: 24/45 MP: 0/0
  4334 | D:5      | Learned a level 3 spell: Kindle Blastsparks
  4337 | D:5      | Found Iqa Woeg's Weapon Shoppe.
  4347 | D:5      | Killed Pikel
  4348 | D:5      | Reached XP level 8. HP: 19/50 MP: 0/0
  5178 | D:5      | Killed Ijyb
  5454 | D:5      | Found a hazy altar of Hepliaklqana.
  5551 | D:5      | Found Ciuv's Antique Weapon Boutique.
  5906 | D:6      | Reached * piety under Ashenzari
  6053 | D:6      | Reached skill level 5 in Stealth
  6054 | D:6      | Reached XP level 9. HP: 40/55 MP: 0/0
  6054 | D:6      | Learned a level 4 spell: Flame Wave
  6523 | D:6      | Found a white marble altar of Elyvilon.
  7102 | D:6      | Reached ** piety under Ashenzari
  7387 | D:7      | Reached skill level 1 in Short Blades
  7912 | D:7      | Reached XP level 10. HP: 49/60 MP: 0/0
  8407 | D:7      | Reached skill level 5 in Short Blades
  9346 | D:8      | Found a burning altar of Makhleb.
  9371 | D:8      | Reached skill level 1 in Long Blades
 11136 | D:8      | Found a sacrificial altar of Ru.
 11188 | D:8      | Reached skill level 5 in Long Blades
 11704 | D:9      | Noticed a kobold demonologist
 11757 | D:9      | a kobold demonologist changed into a blink frog
 11771 | D:9      | Reached XP level 11. HP: 57/65 MP: 0/0
 11771 | D:9      | Learned a level 5 spell: Arcjolt
 11885 | D:9      | Reached *** piety under Ashenzari
 12999 | D:10     | Entered Level 10 of the Dungeon
 13025 | D:10     | Found a flagged portal.
 13080 | Bailey   | Entered a bailey
 13097 | Bailey   | Noticed an orc warlord
 13097 | Bailey   | Identified the +0 lajatang "Hydraslayer" {speed, rPois rF+
                  | Str+2 Int-3}
 13433 | Bailey   | Noticed an orc knight
 13469 | Bailey   | Killed an orc knight
 13551 | Bailey   | Found a runed translucent gate.
 13554 | Bailey   | Found a runed translucent gate.
 13555 | Bailey   | Found a runed translucent gate.
 13645 | Bailey   | Killed an orc warlord
 14061 | Bailey   | Reached XP level 12. HP: 92/92 MP: 0/0
 14186 | D:10     | Found a staircase to the Lair.
 14460 | Lair:1   | Entered Level 1 of the Lair of Beasts
 14637 | Lair:1   | Reached skill level 10 in Long Blades
 14643 | Lair:1   | Noticed a boulder beetle
 14819 | Lair:1   | Reached XP level 13. HP: 60/97 MP: 0/0
 14819 | Lair:1   | Learned a level 5 spell: Lee's Rapid Deconstruction
 16325 | Lair:2   | Found a hole to the Spider Nest.
 16341 | Lair:2   | Reached skill level 10 in Spellcasting
 18536 | Lair:3   | Noticed a catoblepas
 20192 | Lair:3   | Noticed a five-headed hydra
 20208 | Lair:3   | Killed a five-headed hydra
 20751 | Lair:3   | Found a staircase to the Swamp.
 20752 | Lair:3   | Noticed a five-headed hydra
 21173 | Lair:3   | Killed a five-headed hydra
 21289 | Lair:4   | Reached XP level 14. HP: 89/105 MP: 0/0
 22097 | Lair:4   | Reached skill level 10 in Fighting
 23413 | Lair:5   | Entered Level 5 of the Lair of Beasts
 23421 | Lair:5   | Reached skill level 1 in Armour
 24545 | Lair:4   | Reached skill level 5 in Armour
 25404 | Lair:5   | Reached skill level 1 in Evocations
 26842 | Lair:5   | Reached skill level 5 in Evocations
 26842 | Lair:5   | Reached XP level 15. HP: 89/117 MP: 0/0
 26842 | Lair:5   | Learned a level 6 spell: Dispersal
 27063 | Lair:5   | Found a staircase to the Slime Pits.
 27564 | Lair:5   | Identified the +7 short sword "Faedunagh" {vorpal, rF+
                  | Str-2 Dex+3 Stlth+}
 28612 | D:10     | Found a bloodstained altar of Trog.
 30915 | D:11     | Found a staircase to the Orcish Mines.
 33443 | D:13     | Reached skill level 10 in Armour
 33853 | D:13     | Noticed Rupert
 33871 | D:13     | Paralysed by Rupert for 3 turns
 33879 | D:13     | Killed Rupert
 34923 | D:13     | Reached skill level 5 in Dodging
 35303 | D:13     | Noticed a reaper
 35313 | D:13     | Killed a reaper
 35702 | D:13     | Noticed Frances
 35978 | D:13     | Killed Frances
 36358 | D:13     | Reached XP level 16. HP: 84/124 MP: 0/0
 37193 | D:13     | Identified the Grimoire of Terra Cotta
 37786 | D:13     | Identified the +1 robe "Kiguijaoti" {rElec Str-3 Int+6}
 38398 | D:13     | Reached skill level 10 in Dodging
 38647 | D:14     | Reached **** piety under Ashenzari
 38739 | D:14     | Reached skill level 1 in Shields
 39604 | D:14     | Reached skill level 5 in Shields
 40417 | D:14     | Found a shadowy altar of Dithmenos.
 41406 | D:14     | Found a gate to the Vaults.
 41516 | D:15     | Entered Level 15 of the Dungeon
 41943 | D:15     | Identified Roxanne's Quarto of the Boulder
 41943 | D:15     | Noticed Roxanne
 41961 | D:15     | Killed Roxanne
 41968 | D:15     | Reached XP level 17. HP: 82/133 MP: 0/0
 41968 | D:15     | Learned a level 7 spell: Enfeeble
 43256 | D:15     | Gained mutation: You sometimes lose your temper in combat.
                  | [a shining eye]
 43275 | D:15     | Reached skill level 10 in Stealth
 43834 | D:15     | Found a staircase to the Depths.
 43974 | Orc:1    | Entered Level 1 of the Orcish Mines
 44341 | Orc:2    | Entered Level 2 of the Orcish Mines
 44530 | Orc:2    | Found Umoumu Cekhli's Jewellery Emporium.
 44589 | Orc:2    | Found a dark tunnel.
 44603 | Volcano  | Entered a volcano
 45019 | Volcano  | Found a burning altar of Makhleb.
 45427 | Orc:2    | Found a staircase to the Elven Halls.
 45438 | Orc:2    | Noticed Josephine
 45443 | Orc:2    | Killed Josephine
 45744 | Orc:2    | Found Tybruemn's Antique Weapon Boutique.
 45798 | Orc:2    | Found Dejor's Distillery.
 45814 | Orc:2    | Found Uskys's Weapon Shop.
 45825 | Orc:2    | Bought a potion of curing for 42 gold pieces
 45825 | Orc:2    | Bought a potion of heal wounds for 70 gold pieces
 45927 | Orc:2    | Bought the amulet of the Philosopher {Reflect rPois Regen+
                  | Int+3 SH+5} for 522 gold pieces
 45978 | Orc:2    | Upgraded the game from 0.30-a0-475-g03497ec522 to
                  | 0.30-a0-476-g330ca2eb8e
 46405 | Spider:1 | Entered Level 1 of the Spider Nest
 47760 | Spider:1 | Reached XP level 18. HP: 56/118 MP: 0/0
 48996 | Spider:2 | Noticed Arachne
 49006 | Spider:2 | Killed Arachne
 50297 | D:5      | Bought the +7 Singing Sword {vorpal, sonic wave} for 2100
                  | gold pieces
 50297 | D:5      | Found the +7 Singing Sword {vorpal, sonic wave}
 50648 | Spider:2 | Noticed Louise
 50654 | Spider:2 | Killed Louise
 51716 | Spider:3 | Found a runed translucent gate.
 51716 | Spider:3 | Found a runed translucent gate.
 51716 | Spider:3 | Found a runed translucent gate.
 51717 | Spider:3 | Noticed Baxzics's ghost (adept DECj)
 51722 | Spider:3 | Identified the +2 hat "Sital" {+Blink}
 52818 | Spider:3 | Killed Baxzics's ghost
 53083 | Spider:4 | Entered Level 4 of the Spider Nest
 53900 | Spider:4 | Slain by a spark wasp

Illustrated notes

Levels and vault maps discovered:
D:1:      dpeg_arrival_leaves_temple_mockup, layout_rooms
D:2:      kennysheep_six_static_rooms, layout_basic, uniq_jessica, uniq_sigmund
D:3:      layout_basic, lemuel_tele_altar, kennysheep_generic_room_2,
          uniq_crazy_yiuf_cottage
D:4:      layout_loops_ring, vehumet_crystals, xom_confusion_cloud,
          dk_yredelemnul_ordeal, temple_pool_b, serial_forest,
          infiniplex_forest_lined_2, infiniplex_forest_clump_double,
          infiniplex_forest_lined_corner, infiniplex_forest_end_2,
          infiniplex_forest_straight_4, dk_noncrumbling_2
D:5:      layout_basic, mainiacjoe_overflow_chevrons, serial_shops,
          nicolae_shop_trees, shop, nicolae_diamond_shop,
          nicolae_shop_advertising_works [nicolae_subvault_shop_adworks],
          nicolae_diamond_shop, minmay_manual_monstrance, uniq_ijyb, uniq_pikel
D:6:      layout_loops_cross, kennysheep_mini_moat, dk_noncrumbling_3
D:7:      layout_basic
D:8:      layout_rooms, mainiacjoe_overflow_alcove_2, lemuel_round_altar,
          minmay_misc_feat_columns
D:9:      wander_kiku_kobolds, layout_irregular_city
D:10:     layout_loops_cross, old_standard_altar, hellmonk_lair_entry_icy,
          enter_bailey_3, amcnicky_mini_rare_corridor_liquid,
          minmay_fractal_squares_gapless_7
D:11:     layout_rooms, hiddenorc1_lemuel
D:12:     layout_roguey
D:13:     evilmike_negative_zone, layout_long_grid, serial_glass,
          glass_columns_c, glass_columns_a, uniq_frances, uniq_rupert
D:14:     nzn_winding_woodlands_small [nzn_winding_woodlands_5x15_parted,
          nzn_winding_woodlands_center_pierced_h,
          nzn_winding_woodlands_5x15_pockets], layout_basic,
          grunt_vaults_entry_fortified, grunt_dithmenos_smoke,
          minmay_misc_feat_tower, hangedman_glass_teeth
D:15:     gammafunk_enter_depths_forms, layout_cave_pods,
          kiku_gazebo_pond_becter, uniq_roxanne
Temple:   nicolae_temple_god_jail
Lair:1:   layout_misc_corridors, portal_ice_cave_entry_imps
Lair:2:   layout_roguey, dummy_spider_entry, grunt_megastairs_1
Lair:3:   layout_hall_layers, palyth_hydra_swamp_entry
Lair:4:   layout_loops_ring, chequers_serial_rivers_large_b
Lair:5:   minmay_lair_end_enchanted_forest, layout_big_grid,
          dpeg_slime_entry_enclosed, grunt_megastairs_2
Spider:1: layout_spider_delve, nicolae_spider_bzzzt
Spider:2: layout_chambers, nicolae_spider_checkerboard, uniq_arachne,
          uniq_louise
Spider:3: layout_spider_delve, gammafunk_ghost_tricky_traps,
          hellmonk_spider_spawner
Spider:4: spider_rune_water, spiders_nest_hornet_nest, uniq_bai_suzhen
Orc:1:    layout_diamond_mine, mines_bat_river
Orc:2:    hellmonk_orc_salted, layout_caves, nicolae_volcano_entry_vermiform,
          basic_altar, uniq_josephine

Skill      XL: |  1  2  3  4  5  6  7  8  9 10 11 12 13 14 15 16 17 18 |
---------------+-------------------------------------------------------+-----
Stealth        | 2 5 6 8 11 | 11.0
Spellcasting   | 4 5 6 7 8 12 14 | 14.6
Short Blades   | 4 6 |  6.7
Long Blades    | 6 9 10 | 10.9
Fighting       | 8 11 14 | 14.3
Armour         | 5 10 | 10.4
Evocations     | 5 6 7 |  7.7
Dodging        | 6 10 | 10.1
Shields        | 8 |  8.0

Action                   |  1- 3 |  4- 6 |  7- 9 | 10-12 | 13-15 | 16-18 || total
-------------------------+-------+-------+-------+-------+-------+-------++-------
Melee: Unarmed           |     4 |       |       |       |       |       ||     4
       Short sword       |    11 |       |   123 |   138 |    18 |       ||   290
       Dagger            |       |    78 |    44 |       |       |       ||   122
       Punch             |       |     1 |     1 |     8 |    10 |       ||    20
       Scimitar          |       |       |       |   253 |   527 |   478 ||  1258
       Double sword      |       |       |       |       |       |   127 ||   127
Throw: Dart              |       |     2 |     1 |    18 |     9 |     3 ||    33
       Javelin           |       |     1 |       |       |       |       ||     1
       Boomerang         |       |       |       |     1 |     2 |       ||     3
 Cast: Freeze            |    52 |    51 |     8 |     2 |     9 |       ||   122
       Frozen Ramparts   |       |     4 |    16 |    17 |    23 |     4 ||    64
       Kindle Blastspark |       |       |     2 |     1 |       |       ||     3
       Ozocubu's Armour  |       |       |     1 |     7 |     8 |     7 ||    23
       Ensorcelled Hiber |       |       |     1 |     4 |     2 |     2 ||     9
       Kiss of Death     |       |       |     1 |       |     1 |     1 ||     3
       Flame Wave        |       |       |     7 |     3 |     8 |     4 ||    22
       Summon Ice Beast  |       |       |       |    11 |     2 |       ||    13
       Arcjolt           |       |       |       |    13 |   151 |   182 ||   346
       Lee's Rapid Decon |       |       |       |       |    90 |   225 ||   315
       Dispersal         |       |       |       |       |     1 |     1 ||     2
Invok: Curse Item        |       |     1 |     2 |     1 |     2 |     2 ||     8
       Shatter the Chain |       |       |       |       |     1 |     2 ||     3
 Abil: Evoke Blink       |       |       |       |       |       |     1 ||     1
Evoke: Wand              |       |     1 |       |     6 |     8 |    18 ||    33
       Condenser vane    |       |       |       |       |     3 |     3 ||     6
  Use: Scroll            |       |     9 |       |     4 |     6 |     4 ||    23
       Potion            |       |     1 |     4 |     5 |     7 |     1 ||    18
 Stab: Sleeping          |       |     6 |     2 |     5 |     9 |    12 ||    34
       Distracted        |       |       |       |     1 |     2 |     3 ||     6
       Invisible         |       |       |       |       |     1 |       ||     1
       Confused          |       |       |       |       |     1 |     1 ||     2
Armor: Robe              |    10 |    39 |    56 |   125 |   151 |       ||   381
       Ring mail         |       |       |       |       |    47 |   300 ||   347
Dodge: Dodged            |    47 |    72 |   123 |   206 |   307 |   304 ||  1059
Block: Other             |       |       |       |    24 |   122 |    21 ||   167
       Reflection        |       |       |       |     4 |     6 |    34 ||    44
       Kite shield       |       |       |       |       |       |   609 ||   609

Table legend: (Time is in decaauts)
 A = Elapsed time spent in this place.
 B = Non-inter-level travel time spent in this place.
 C = Inter-level travel time spent in this place.
 D = Time resting spent in this place.
 E = Time spent auto-exploring this place.
 F = Levels seen in this place.
 G = Mean time per level.
                   A        B        C        D        E       F      G
               +--------+--------+--------+--------+--------+-----+--------+
         Total |  53535 |  51204 |   2331 |  28257 |  14242 |  29 | 1846.0 |
       Dungeon |  29355 |  27728 |   1627 |  14582 |   8669 |  15 | 1957.0 |
        Temple |     24 |     14 |     10 |      0 |      3 |   1 |   24.0 |
          Lair |  14674 |  14176 |    498 |   9190 |   3014 |   5 | 2934.8 |
   Spider Nest |   6397 |   6249 |    148 |   3185 |   1861 |   4 | 1599.2 |
  Orcish Mines |   1207 |   1160 |     47 |     64 |    610 |   2 |  603.5 |
        Bailey |   1079 |   1079 |      0 |    631 |     85 |   1 | 1079.0 |
       Volcano |    796 |    796 |      0 |    605 |      0 |   1 |  796.0 |
               +--------+--------+--------+--------+--------+-----+--------+

Top non-repeatable levels by time:
    D:13: 4780 daAuts
  Lair:3: 3456 daAuts
     D:7: 3314 daAuts
  Lair:5: 3304 daAuts
  Lair:4: 3255 daAuts
    D:14: 3052 daAuts
  Lair:2: 2882 daAuts
Spider:3: 2599 daAuts
    D:12: 2545 daAuts
    D:15: 2371 daAuts
     D:9: 2168 daAuts
     D:5: 2121 daAuts
Spider:2: 2110 daAuts
  Lair:1: 1775 daAuts
Spider:1: 1672 daAuts
